 Dungeon Crawl Stone Soup version 0.31-a0-851-g7ff8af7976 (webtiles) character file.

Game seed: 9768175984844575232

245 randomguy2701 the Conjurer (level 5, -1/28 HPs)
             Began as a Deep Elf Conjurer on Oct 7, 2023.
             Succumbed to a kobold brigand's poison
             ... in a sewer.
             The game lasted 00:06:50 (2727 turns).

randomguy2701 the Conjurer (Deep Elf Conjurer)      Turns: 2727, Time: 00:06:50

Health: -1/28      AC:  2    Str:  4    XL:     5   Next: 83%
Magic:  0/14       EV: 12    Int: 25    God:
Gold:   215        SH:  0    Dex: 13    Spells: 11/14 levels left

rFire   . . .        (no weapon)
rCold   . . .        (no shield)
rNeg    . . .        a - +0 robe
rPois   .            (no helmet)
rElec   .            (no cloak)
rCorr   .            (no gloves)
SInv    .            (no boots)
Will    .....        (no amulet)
Stlth   ++           i - ring of flight
HPRegen 0.24/turn    (no ring)
MPRegen 0.14/turn

%: no passive effects
@: mighty, lethally poisoned (-1 -> -20), flying
A: no striking features
a: no special abilities


You were in a sewer.
You visited 1 branch of the dungeon, and saw 5 of its levels.
You also visited: Sewer.

You collected 215 gold pieces.

Inventory:

Armour
 a - a +0 robe (worn)
Magical Staves
 s - a staff of air
Jewellery
 i - a ring of flight (left hand)
 r - a ring of resist corrosion
Scrolls
 c - a scroll of identify {unknown}
 d - 2 scrolls of poison {unknown}
 e - a scroll of immolation {unknown}
 f - a scroll of fear {unknown}
 g - a scroll of blinking {unknown}
 h - 4 scrolls of enchant armour {unknown}
 j - 2 scrolls of teleportation {unknown}
 k - a scroll of vulnerability {unknown}
 l - 2 scrolls of amnesia {unknown}
 m - 2 scrolls of noise {unknown}
 o - a scroll of fog {unknown}
 p - a scroll of brand weapon {unknown}
Potions
 b - a potion of magic


   Skills:
 + Level 0.5 Fighting
 + Level 2.9 Dodging
 + Level 3.4 Stealth
 + Level 5.2 Spellcasting
 + Level 6.3 Conjurations


You had 11 spell levels left.
You knew the following spells:

 Your Spells              Type           Power      Damage    Failure   Level
a - Magic Dart            Conj           100%       1d8       1%          1
b - Searing Ray           Conj           76%        2d7       1%          2

Your spell library contained the following spells:

 Spells                   Type           Power      Damage    Failure   Level
 Dazzling Flash           Conj/Hex       44%        N/A       7%          3
 Slow                     Hex            24%        N/A       9%          1
 Ensorcelled Hibernation  Hex/Ice        12%        N/A       12%         2
 Passwall                 Tmut/Erth      5%         N/A       12%         2
 Fulminant Prism          Conj/Hex       11%        3d9       22%         4
 Iskenderun's Mystic Bla  Conj/Tloc      22%        2d6       22%         4
 Confusing Touch          Hex            6%         N/A       24%         3
 Sigil of Binding         Hex            6%         N/A       24%         3
 Swiftness                Air            6%         N/A       24%         3
 Vampiric Draining        Necr           6%         2d6       24%         3


Dungeon Overview and Level Annotations

Branches:
Dungeon (5/15)              Sewer (1/1)
 Temple: D:4-7

Altars:


Message History

Unknown command.
Casting: Searing Ray (safe; 1% risk of failure)
Confirm with . or Enter, or press ? or * to list all spells.
Aiming: Searing Ray (safe; 1% risk of failure)
Press: ? - help, Shift-Dir - straight line, f/p - kobold brigand
Aim: a kobold brigand, wielding a +0 short sword and quivering poisoned darts (moderately wounded, 76% to hit)
The searing ray hits the kobold brigand!
The kobold brigand is severely wounded. (Press . to maintain the ray.)
You feel very sick.
The kobold throws a poisoned dart.
The poisoned dart hits you!
You are more poisoned.
The searing ray misses the kobold brigand.
You feel very sick.
The kobold brigand throws a poisoned dart.
The poisoned dart hits you!
You are more poisoned.
The searing ray misses the kobold brigand.
You feel very sick.
The searing ray misses the kobold brigand.
You finish channelling your searing ray.
You feel very sick.
You feel very sick.
The kobold throws a poisoned dart.
The poisoned dart barely misses you.
The kobold brigand throws a poisoned dart.
The poisoned dart hits you!
You are lethally poisoned!
Unknown command.
* * * LOW HITPOINT WARNING * * *
You feel very sick. The kobold misses you.
The kobold brigand barely misses you.
* * * LOW HITPOINT WARNING * * *
You feel very sick.
The kobold throws a poisoned dart.
The poisoned dart barely misses you.
The kobold brigand throws a poisoned dart.
The poisoned dart hits you!
You are more poisoned.
It was a potion of might.
You feel very mighty all of a sudden.
You die...

#~# #~# #~# #~#
#########~##
#.~~...~~~.#######
#~~~~~~~~~~..~...####
...#.~≈≈≈K~~~~~~≈~~~~≈≈≈
.....K≈@≈≈≈≈≈≈≈≈≈≈≈≈≈≈≈≈
...#)~≈≈≈K~~~~~~~~~~~~≈≈
#..~~K~.~~~~.....####
#.)......~.###.###
############ #∩# ###


You could see 2 kobold brigands and 2 kobolds.

Vanquished Creatures
  A scorpion (D:5)
  Ijyb (D:3)
  3 gnolls (D:3)
  5 adders
  2 dart slugs (D:2)
  4 orcs (D:5)
  10 endoplasms
  5 giant cockroaches
  8 goblins
  7 hobgoblins
  5 quokkas
  5 ball pythons
  4 bats
  A frilled lizard (D:1)
  9 kobolds
  10 rats
80 creatures vanquished.

Notes
Turn   | Place    | Note
-------+----------+-------------------------------------------
     0 | D:1      | randomguy2701 the Deep Elf Conjurer began the quest for the
                  | Orb.
     0 | D:1      | Reached XP level 1. HP: 10/10 MP: 6/6
   145 | D:1      | Reached XP level 2. HP: 15/15 MP: 0/8
   274 | D:1      | Reached skill level 5 in Conjurations
   706 | D:1      | Reached XP level 3. HP: 19/19 MP: 5/9
  1550 | D:2      | Reached XP level 4. HP: 24/24 MP: 9/11
  1714 | D:2      | Found a faded altar of an unknown god.
  2098 | D:3      | You are sucked into a shaft and drop 2 floors!
  2098 | D:5      | Entered Level 5 of the Dungeon
  2102 | D:5      | Learned a level 2 spell: Searing Ray
  2107 | D:5      | Noticed a scorpion
  2119 | D:5      | Killed a scorpion
  2120 | D:5      | Reached skill level 6 in Conjurations
  2120 | D:5      | Reached XP level 5. HP: 28/28 MP: 8/13
  2444 | D:3      | Noticed Ijyb
  2449 | D:3      | Killed Ijyb
  2566 | D:3      | Reached skill level 5 in Spellcasting
  2567 | D:3      | Found a glowing drain.
  2580 | Sewer    | Entered a sewer
  2727 | Sewer    | Succumbed to a kobold brigand's poison

Illustrated notes

Levels and vault maps discovered:
D:1:      mrwooster_arrival_arrow, layout_basic
D:2:      layout_rooms, dilly_ecumenical_altar_fadedgnrine,
          mrwooster_statue_mirror
D:3:      layout_basic, mainiacjoe_overflow_alcove_4, gammafunk_ghost_smash,
          cheibrodos_sewer_entry_bend, serial_shops, shop,
          roderic_roman_lattice, uniq_ijyb, uniq_robin
D:4:      layout_basic, nicolae_sif_muna_condensation
D:5:      layout_basic
Sewer:    sewer_kobolds

Skill      XL: |  1  2  3  4  5 |
---------------+----------------+-----
Conjurations   | 5 6 |  6.3
Spellcasting   | 4 5 |  5.2
Stealth        | 3 |  3.4
Fighting       | |  0.5
Dodging        | |  2.9

Action                     |  1- 3 |  4- 6 || total
---------------------------+-------+-------++-------
  Melee: Unarmed           |     1 |     6 ||     7
   Cast: Magic Dart        |    78 |    62 ||   140
         Searing Ray       |       |     7 ||     7
    Use: Potion            |       |     2 ||     2
 Armour: Robe              |    17 |    11 ||    28
  Dodge: Dodged            |    11 |    15 ||    26

Table legend: (Time is in decaauts)
 A = Elapsed time spent in this place.
 B = Non-inter-level travel time spent in this place.
 C = Inter-level travel time spent in this place.
 D = Time resting spent in this place.
 E = Time spent auto-exploring this place.
 F = Levels seen in this place.
 G = Mean time per level.
                   A        B        C        D        E       F      G
               +--------+--------+--------+--------+--------+-----+--------+
         Total |   2725 |   2692 |     33 |     64 |   1956 |   6 |  454.2 |
       Dungeon |   2578 |   2545 |     33 |      0 |   1902 |   5 |  515.6 |
         Sewer |    146 |    146 |      0 |     64 |     54 |   1 |  146.0 |
               +--------+--------+--------+--------+--------+-----+--------+

Top non-repeatable levels by time:
     D:1: 1222 daAuts
     D:2: 861 daAuts
     D:5: 235 daAuts
     D:3: 148 daAuts
   Sewer: 146 daAuts
     D:4: 109 daAuts
